[Event "17th Paracin Open 2024"]
[Site "Paracin"]
[Date "2024.07.05"]
[Round "3.12"]
[White "Antal, Gergely"]
[Black "Filip, Andrei"]
[Result "1-0"]
[ECO "B40"]
[WhiteElo "2580"]
[BlackElo "2280"]
[Annotator "TA"]
[PlyCount "67"]
[EventDate "2024.07.02"]
[EventType "swiss"]
[EventCountry "SRB"]
[SourceTitle "playchess.com"]
[Source "ChessBase"]
[SourceQuality "1"]
[TimeControl "5400+30"]

1. e4 c5 2. Nf3 e6 3. b3 a6 4. Bb2 d5 5. exd5 exd5 6. Qe2+ Qe7 7. Nc3 Nf6 8. O-O-O {[%emt 0:00:44] White is slightly better.} d4 9. Na4 {[%emt 0:03:41] aiming for Nb6.} Qxe2 10. Bxe2 Nbd7 {[%emt 0:01:36] Against Nb6} 11. Rhe1 Be7 12. Ba3 {[%emt 0:00:28] Black must now prevent Bc4.} Kf8 (12... b5 $2 13. Nxd4 bxa4 (13... cxd4 $2 {perishes.} 14. Bf3 $18) 14. Bf3 $18) 13. Bd3 b5 {[%emt 0:08:48] [#]} 14. Rxe7 $1 Kxe7 15. Nxc5 {[%emt 0:00:05] Nb7+ would now be deadly.} ({Not} 15. Bxc5+ Nxc5 16. Nxc5 Kd6 17. Ne4+ Nxe4 18. Bxe4 Rb8 19. Nxd4 h5 $17) 15... Kd8 16. Nxd4 {[%emt 0:02:22] White has more active pieces. The black rooks are passive.} Nxc5 17. Bxc5 Bb7 {[%emt 0:00:47] Black is weak on the dark squares} 18. Nf5 Bxg2 19. Nxg7 Kc7 {[%emt 0:11:50] [#]} 20. Bd4 $1 {[%emt 0:03:34] A strong pair of Bishops.} Nd7 21. Re1 Rhf8 22. Bxh7 Rh8 23. Bf5 {[%emt 0:00:38] And now Re7 would win.} Rxh2 $2 (23... Bh3 24. Be4 Rag8) 24. Re7 $18 Rh1+ 25. Kb2 Rd8 26. Rxf7 Bd5 27. Ne6+ Bxe6 28. Bxe6 Kd6 29. Bf5 Re1 30. Bc3 {[%emt 0:10:33] White is clearly winning.} Nb8 31. Rf6+ Ke7 32. Rb6 Kf7 33. f4 Rf1 34. Rb7+ {[%emt 0:00:46] Black did not feel at home in the position after the opening.   Weighted Error Value: White=0.03 (flawless) /Black=0.25 (precise) .  Mistake:       	---       	Black=1      Inaccurate:     	---       	Black=5      OK:         	White=19    	Black=9      Best:        	White=1     	Black=5      Brilliant:      	White=1     	---} 1-0

[Event "17th Paracin Open 2024"]
[Site "Paracin"]
[Date "2024.07.05"]
[Round "3.13"]
[White "Djukic, Nikola"]
[Black "Albers, Sasa"]
[Result "1/2-1/2"]
[ECO "B12"]
[WhiteElo "2532"]
[BlackElo "2309"]
[Annotator "TA"]
[PlyCount "120"]
[EventDate "2024.07.02"]
[EventType "swiss"]
[EventCountry "SRB"]
[SourceTitle "playchess.com"]
[Source "ChessBase"]
[SourceQuality "1"]
[TimeControl "5400+30"]

1. e4 c6 2. d4 d5 3. e5 c5 4. c3 Nc6 5. Be2 a6 6. a3 {[%emt 0:08:26] B12: Caro-Kann: Advance Variation.} cxd4 $146 ({Predecessor:} 6... Bf5 7. Be3 e6 8. Nd2 Be7 9. g4 Bg6 10. Nh3 f6 11. f4 fxe5 12. fxe5 Bh4+ {0-1 Ribera Veganzones,J (2192)-Alcala Gonzalez,C (2283) Barcelona Holy Week 2024 (6)}) 7. cxd4 Bf5 8. Nf3 e6 9. O-O Nge7 10. b4 Nc8 11. Be3 Be7 12. Nbd2 O-O 13. Nb3 Bg4 14. Nc5 b5 15. Rc1 Nb6 16. Nxa6 Bxf3 (16... Nc4 $5 17. a4 bxa4 $11 (17... Rxa6 18. axb5 Rb6 19. bxc6 $16)) 17. gxf3 Nc4 18. Bxc4 dxc4 (18... bxc4 $5 19. b5 $8 Bxa3 $11) 19. a4 $1 Rxa6 20. axb5 Rb6 21. bxc6 Rxc6 ({Black should play} 21... Qd5 $11) 22. b5 $14 Rc8 23. Qe2 Qd5 24. b6 Rc6 25. Rc2 Rb8 26. Rfc1 Ba3 27. Rb1 c3 28. Rb5 Qd8 29. Qd3 ({Don't play} 29. b7 $6 Qd7 $11) (29. d5 $16 exd5 30. Qd3) 29... Rbxb6 $11 30. Rxb6 (30. Rxc3 $2 {is the wrong capture.} Rxc3 31. Qxc3 Rxb5 $19) 30... Qxb6 31. Rxc3 Rxc3 32. Qxc3 Qb1+ 33. Kg2 Qg6+ 34. Kf1 Qb1+ 35. Ke2 Qa2+ 36. Bd2 h6 37. Qc8+ Kh7 38. Qa6 Qb2 39. Qd3+ Kg8 40. Kf1 Be7 41. Kg2 h5 42. Be3 Qb7 43. Qe4 Qd7 44. f4 g6 45. h3 Kg7 46. Kg3 Bd8 47. Qa8 Be7 48. f5 gxf5 49. Qf3 h4+ 50. Kh2 Kg8 51. Bh6 Kh7 52. Qh5 Kg8 53. Qd1 Kh7 54. Qh5 Kg8 55. Be3 (55. Qd1 $5 Kh7 $8 56. Qh5 $11) 55... Qd5 56. f3 Qa2+ 57. Kg1 $1 Qb1+ 58. Kg2 Qb2+ 59. Kg1 Qb1+ 60. Kg2 Qb2+ (60... Qe1 $5 61. Bf2 $8 Qd2 $11) 1/2-1/2

[Event "17th Paracin Open 2024"]
[Site "Paracin"]
[Date "2024.07.05"]
[Round "3.14"]
[White "Akbas, Umut Ata"]
[Black "Apoorv Kamble"]
[Result "1-0"]
[ECO "D11"]
[WhiteElo "2437"]
[BlackElo "2369"]
[Annotator "TA"]
[PlyCount "65"]
[EventDate "2024.07.02"]
[EventType "swiss"]
[EventCountry "SRB"]
[SourceTitle "playchess.com"]
[Source "ChessBase"]
[SourceQuality "1"]
[TimeControl "5400+30"]

1. d4 d5 2. c4 c6 3. Nf3 Nf6 4. e3 a6 5. Nbd2 Bf5 6. Nh4 Bg6 7. g4 e6 8. Nxg6 {[%emt 0:01:28] White is slightly better.} hxg6 9. g5 Ng8 10. h4 Nd7 11. Bd3 b5 (11... Ne7 $11) 12. cxd5 {[%emt 0:01:25] Black is now going downhill.} cxd5 13. a4 b4 14. Qe2 Nb8 15. e4 Ne7 16. Nf3 dxe4 17. Bxe4 Ra7 (17... Nbc6 $16 {was worth a try.} 18. Bd2 Ra7) 18. Bf4 $18 Nf5 19. Bxf5 gxf5 {[%emt 0:00:00] [#]} 20. g6 $1 {[%emt 0:41:30][%mdl 512] Rc1 is the strong threat.} Nc6 21. gxf7+ Rxf7 22. Ng5 (22. Qxe6+ $2 Re7 23. Ng5 Nxd4 $19 (23... Rxe6+ $2 24. Nxe6 Qf6 25. O-O-O $19) (23... Qd5 $2 24. O-O-O $19)) ({White should try} 22. Qxa6 $18 Qd5 23. Qa8+ Kd7 24. Rh3) 22... Nxd4 (22... Qd5 $16 23. O-O-O (23. Qxe6+ $2 Re7 $19) 23... Rf6 24. Qxa6 Be7) 23. Qxa6 {[%emt 0:00:00][%cal Oa1c1] Hoping for Rc1!} Rd7 $2 (23... Bc5 {is more resistant.}) 24. Rc1 {[%emt 0:00:00][%cal Oc1c8] Threatens to win with Rc8!} (24. Nxe6 $2 Nxe6 (24... Re7 25. O-O-O $11) 25. Be3 (25. Qxe6+ $2 Re7 $19) 25... Kf7 $19 (25... Rxh4 $2 26. Qxe6+ Qe7 27. Qg6+ Kd8 28. Rxh4 $18)) 24... Qf6 (24... Bd6 $142 25. Be3 (25. Rc8 Bxf4 26. Rxd8+ Rxd8 $18) 25... O-O 26. Bxd4 Re8) 25. Rc8+ Rd8 26. Bc7 Be7 27. Bxd8 Bxd8 28. Qd6 Rh5 29. Rh3 {[%emt 0:00:00][%cal Od6c7] aiming for Qc7!} e5 {[%emt 0:00:53] [#]} 30. Rxd8+ Qxd8 31. Qg6+ (31. Qxb4 $2 {too greedy.} Nc2+ 32. Ke2 Nxb4 $19) ({Weaker is} 31. Qxe5+ Qe7 32. Qxe7+ Kxe7 $16) 31... Ke7 32. Qxg7+ Kd6 33. Nf7+ {[%emt 0:00:00] Weighted Error Value: White=0.12 (very precise) /Black=0.93.  Mistake:       	White=1     	Black=5      Inaccurate:     	White=1     	Black=2      OK:         	White=6     	Black=6      Best:        	White=5     	---} 1-0

[Event "17th Paracin Open 2024"]
[Site "Paracin"]
[Date "2024.07.05"]
[Round "3.15"]
[White "Ivanov, Mikhail M"]
[Black "Sedlak, Nikola"]
[Result "1/2-1/2"]
[ECO "E61"]
[WhiteElo "2248"]
[BlackElo "2426"]
[Annotator "TA"]
[PlyCount "79"]
[EventDate "2024.07.02"]
[EventType "swiss"]
[EventCountry "SRB"]
[SourceTitle "playchess.com"]
[Source "ChessBase"]
[SourceQuality "1"]
[TimeControl "5400+30"]

1. Nf3 Nf6 2. c4 d6 3. d4 g6 4. Nc3 Bf5 5. Qb3 b6 6. g3 Nc6 7. Bg2 Bg7 8. Qa4 {[%emt 0:12:13][%cal Of3e5] [#] Black must now prevent Ne5! White is slightly better.} Bd7 9. Qd1 O-O 10. d5 Na5 11. Nd2 c5 (11... c6 {is more complex.} 12. b4 Nxc4 13. dxc6 Ng4) 12. O-O a6 13. a4 Rb8 14. Qc2 b5 15. axb5 (15. cxb5 {keeps more tension.} c4 16. bxa6 Qb6 17. Nf3) 15... axb5 16. cxb5 Bxb5 17. Nxb5 ({White should play} 17. b3 $14) 17... Rxb5 $15 18. Ra2 Qb8 19. Nb1 (19. e4 $11 {remains equal.}) 19... Nb3 $17 20. Nc3 Rb4 21. Bg5 h6 22. Bxf6 Bxf6 23. e3 c4 24. Rd1 Rc8 25. h4 Nc5 26. Bf1 {[%emt 0:00:34] Inhibits Nd3.} Qb7 27. h5 gxh5 (27... g5 $15) 28. Qf5 $11 Ra8 (28... Rxb2 $2 29. Rxb2 Qxb2 30. Qxc8+ $18) 29. Qxh5 (29. Rxa8+ $11 Qxa8 30. Rd2) 29... Rxb2 $15 30. Qg4+ Kf8 $1 31. Rxa8+ Qxa8 32. Ne4 (32. Qxc4 $2 {perishes.} Rc2 33. Qf4 Rxc3 $19 (33... Bxc3 $2 34. Qxh6+ Bg7 35. Qh3 $19)) 32... Nxe4 (32... h5 $5 33. Qf3 Nxe4 34. Qxe4 c3 $17) 33. Qxe4 {[%emt 0:00:04] White is weak on the dark squares} c3 $36 {[%emt 0:00:35][%mdl 2048] Threatens to win with ...Qa2. Black is more active.} 34. Rc1 (34. Qf5 $11) 34... Rd2 35. Bd3 h5 (35... e6 {simplifies} 36. Rb1 Rb2 37. dxe6 Qxe4 38. Bxe4 fxe6 39. Rxb2 cxb2 40. Kf1 d5) 36. Qf5 h4 37. g4 (37. gxh4 $15 Bxh4 38. Rf1) 37... h3 {[%emt 0:00:18] Hoping for ...Be5.} 38. g5 $2 (38. Rb1 $17 {keeps fighting.}) 38... Be5 $19 39. Be4 {[%emt 0:00:47][%cal Og5g6] [#]} h2+ $2 (39... c2 $1 $19 {and Black stays clearly on top. ( -> ...Rd1+)} 40. Bxc2 Qxd5 41. Qc8+ Kg7 42. Qxh3 Rxc2 43. Qh6+ Kg8) 40. Kg2 {[%emt 0:00:55] Weighted Error Value: White=0.33/Black=0.23 (precise) .  Loses game:     	White=1     	---        Missed win:     	---       	Black=1      Mistake:       	White=5     	Black=1      Inaccurate:     	White=2     	Black=5      OK:         	White=11    	Black=9      Best:        	White=3     	Black=3      Strong:       	---       	Black=1} 1/2-1/2

[Event "17th Paracin Open 2024"]
[Site "Paracin"]
[Date "2024.07.05"]
[Round "3.16"]
[White "Itgelt, Khuyagtsogt"]
[Black "Alok Sinha"]
[Result "1-0"]
[ECO "E01"]
[WhiteElo "2411"]
[BlackElo "2245"]
[Annotator "RC"]
[PlyCount "61"]
[EventDate "2024.07.02"]
[EventType "swiss"]
[EventCountry "SRB"]
[SourceTitle "playchess.com"]
[Source "ChessBase"]
[SourceQuality "1"]
[TimeControl "5400+30"]

1. d4 Nf6 2. c4 e6 3. Nf3 d5 4. Nc3 c6 5. g3 dxc4 6. Bg2 Bb4 7. O-O Nbd7 8. a4 a5 9. Qc2 O-O 10. Rd1 Qe7 11. Bg5 h6 12. Bxf6 Qxf6 13. Na2 Bd6 14. Qxc4 e5 15. Nc3 Qe7 16. Nh4 Nb6 17. Qb3 Bc7 18. d5 cxd5 19. Bxd5 Nxd5 20. Nxd5 Qe6 21. Nf5 Bd8 22. e4 g6 23. Nfe3 h5 24. h4 f5 25. Rac1 Kh8 26. Qa3 Kg8 27. Nc7 Bxc7 28. Rxc7 f4 29. Nd5 Rf7 30. Nxf4 exf4 31. Rd8+ 1-0

[Event "17th Paracin Open 2024"]
[Site "Paracin"]
[Date "2024.07.05"]
[Round "3.17"]
[White "Polschikov, Alexey"]
[Black "Pranav K P"]
[Result "1/2-1/2"]
[ECO "E04"]
[WhiteElo "2376"]
[BlackElo "2223"]
[Annotator "TA"]
[PlyCount "88"]
[EventDate "2024.07.02"]
[EventType "swiss"]
[EventCountry "SRB"]
[SourceTitle "playchess.com"]
[Source "ChessBase"]
[SourceQuality "1"]
[TimeControl "5400+30"]

1. d4 Nf6 2. c4 e6 3. g3 d5 4. Bg2 dxc4 5. Nf3 c6 6. O-O b5 7. Ne5 Bb7 8. Nc3 a6 9. b3 cxb3 10. axb3 Be7 11. Bb2 O-O 12. Ne4 Nxe4 13. Bxe4 a5 14. Qc2 h6 15. Rfd1 Na6 (15... Qc7 $11 {remains equal.}) 16. Nxc6 $16 {[%emt 0:03:27] White is much more active.} (16. Bxc6 Nb4 17. Qe4 Nxc6 18. Nxc6 Bxc6 19. Qxc6 Rb8 $14) 16... Bxc6 17. Qxc6 Nc7 {[%emt 0:03:34] Black is weak on the light squares} 18. Rdc1 Ra7 19. e3 Qd6 20. Bc3 {[%emt 0:04:36] A strong pair of Bishops.} b4 {[%emt 0:05:07] And now ...Qxc6 would win.} 21. Bd2 $36 {[%emt 0:01:25][%mdl 2048] White has the initiative.} Qxc6 22. Bxc6 Rb8 23. Kf1 Nb5 24. Ke2 Na3 25. Ba4 Bd8 26. Kd3 Kf8 27. Rc6 Rc7 28. Rxc7 Bxc7 29. Rc1 Bd8 (29... Bb6 $16 30. g4 g5) 30. h4 (30. e4 $1 $18) 30... Ke7 (30... f5 $16 {might work better.} 31. h5 Kf7) 31. h5 (31. e4 $1 $18) 31... Rb7 32. e4 Rc7 {[%emt 0:01:58] [#]} 33. Bc6 $1 Nb1 34. Rxb1 (34. Bf4 $18 Rc8 35. d5) 34... Rxc6 $18 {[%emt 0:00:02][%mdl 4096] Endgame. KRB-KRB} 35. Rc1 Ra6 36. Rc5 Kd7 37. Rb5 Be7 38. Rb7+ Kd8 39. Kc4 Rc6+ $1 40. Kd3 Ra6 {[%emt 0:00:01] Dodges Ra7} 41. d5 a4 {[%emt 0:01:40] Hoping for ...a3.} 42. bxa4 {[%emt 0:01:23] Threatens to win with dxe6.} (42. Bxb4 Bxb4 43. Rb8+ (43. Rxb4 $2 {perishes.} a3 $19) 43... Ke7 44. Rb7+ (44. Rxb4 $2 {is the wrong capture.} a3 $19) 44... Kd6 45. bxa4 (45. Rxb4 $2 {loses.} a3 $19) 45... Rxa4 46. Rxf7 exd5 47. exd5 Bc5 (47... Kxd5 48. Rd7+ Ke6 49. Rxg7 $11) 48. Rxg7 Bxf2 (48... Kxd5 49. g4 $15) 49. Rg6+ Kxd5 $19) 42... Rxa4 {[%emt 0:00:02] [#]} 43. Kc4 (43. dxe6 $1 $16 fxe6 44. g4) 43... b3+ $11 44. Kxb3 Rxe4 {[%emt 0:00:06] Black escapes into a draw.   Weighted Error Value: White=0.19 (very precise) /Black=0.18 (very precise) .  Mistake:       	White=4     	Black=3      Inaccurate:     	White=2     	Black=5      OK:         	White=12    	Black=15     Best:        	White=1     	Black=1      Strong:       	---       	Black=1} 1/2-1/2

[Event "17th Paracin Open 2024"]
[Site "Paracin"]
[Date "2024.07.05"]
[Round "3.18"]
[White "Tanriverdi, Enes"]
[Black "Sakmak, Kutay"]
[Result "1-0"]
[ECO "E12"]
[WhiteElo "2371"]
[BlackElo "1993"]
[Annotator "TA"]
[PlyCount "33"]
[EventDate "2024.07.02"]
[EventType "swiss"]
[EventCountry "SRB"]
[SourceTitle "playchess.com"]
[Source "ChessBase"]
[SourceQuality "1"]
[TimeControl "5400+30"]

1. d4 Nf6 2. Nf3 e6 3. c4 b6 4. a3 Ba6 5. Qc2 c5 6. e4 d5 (6... cxd4 $14 7. e5 Ng8) 7. cxd5 $16 Bxf1 8. Kxf1 {[%emt 0:00:03] Black must now prevent Bg5.} exd5 {[%emt 0:01:12] White is better.} 9. Nc3 {[%emt 0:00:04] [#] And now Bg5 would win.} dxe4 (9... cxd4 $1 $14 10. Nxd5 (10. Nxd4 dxe4 11. Qa4+ Nbd7 $14) 10... Nxd5) 10. Nxe4 Nbd7 (10... Nc6 $16) 11. Bg5 (11. Bf4 $18 {Re1 is the strong threat.} Nxe4 12. Qxe4+ Be7 13. Bc7 Qxc7 14. Qxa8+ Nb8 15. Qe4) 11... Be7 $14 12. d5 {[%emt 0:02:06][%cal Bd4d5,Bd5d6][%mdl 32] Hoping for d6.} Nxe4 13. Qxe4 Kf8 14. d6 Bxg5 15. Nxg5 Nf6 {[%emt 0:01:25][%mdl 8192] Wards off Qd5} (15... h6 $11 16. Nf3 g6) 16. Qb7 $18 {[%emt 0:00:50][%csl Gg5][%cal Rb7f7] [#]} Nd7 17. Qd5 {[%emt 0:01:20] Weighted Error Value: White=0.34/Black=0.25 (precise) .  Loses game:     	---       	Black=1      Mistake:       	White=1     	Black=2      Inaccurate:     	White=2     	---        OK:         	---       	Black=4      Best:        	White=2     	Black=2} 1-0

[Event "17th Paracin Open 2024"]
[Site "Paracin"]
[Date "2024.07.05"]
[Round "3.19"]
[White "Zhukov, Anton"]
[Black "Khripachenko, Alexander"]
[Result "1/2-1/2"]
[ECO "D38"]
[WhiteElo "2237"]
[BlackElo "2346"]
[Annotator "TA"]
[PlyCount "29"]
[EventDate "2024.07.02"]
[EventType "swiss"]
[EventCountry "SRB"]
[SourceTitle "playchess.com"]
[Source "ChessBase"]
[SourceQuality "1"]
[TimeControl "5400+30"]

1. d4 Nf6 2. c4 e6 3. Nf3 d5 4. Nc3 Bb4 5. cxd5 exd5 6. Qa4+ Nc6 7. Bg5 h6 8. Bxf6 Qxf6 9. e3 O-O 10. Be2 Be6 {[%emt 0:00:30] The position is equal.} 11. a3 Bxc3+ 12. bxc3 Ne7 13. O-O Nc8 14. Ne5 Nd6 15. Bd3 {[%emt 0:00:30] An uneventful encounter.   Weighted Error Value: White=0.04 (flawless) /Black=0.03 (flawless) .  OK:         	---       	Black=3} 1/2-1/2

[Event "17th Paracin Open 2024"]
[Site "Paracin"]
[Date "2024.07.05"]
[Round "3.20"]
[White "Pogorelskikh, Sofia"]
[Black "Prohaszka, Peter"]
[Result "0-1"]
[ECO "C79"]
[WhiteElo "2216"]
[BlackElo "2577"]
[Annotator "TA"]
[PlyCount "114"]
[EventDate "2024.07.02"]
[EventType "swiss"]
[EventCountry "SRB"]
[SourceTitle "playchess.com"]
[Source "ChessBase"]
[SourceQuality "1"]
[TimeControl "5400+30"]

1. e4 e5 2. Nf3 Nc6 3. Bb5 a6 4. Ba4 Nf6 5. O-O d6 6. d4 b5 7. dxe5 dxe5 8. Bb3 {[%emt 0:00:30] C79: Ruy Lopez: Steinitz-type lines with 3...a6 4 Ba4 Nf6 5 0-0 d6.} Bd6 9. a4 Rb8 $146 ({Predecessor:} 9... b4 10. Nbd2 O-O 11. Re1 Re8 12. Nc4 Bg4 13. Nxd6 cxd6 14. c3 bxc3 15. bxc3 Qc7 {0-1 Rosselli del Turco,S-Reggio,A Bologna 1913 (9)}) 10. axb5 axb5 11. h3 O-O 12. Re1 h6 13. Nbd2 Bb7 14. c3 Ra8 15. Rxa8 Qxa8 16. Bc2 Re8 17. b4 Ne7 18. Qe2 Bc6 19. Nb3 Ng6 20. g3 Bd7 21. Kh2 Qc8 22. Ng1 c5 23. bxc5 Bxc5 24. Nxc5 Qxc5 25. Qe3 Qc8 26. Bd1 Qa6 27. Bf3 Rc8 28. Bd2 Be6 29. Rb1 Ne8 30. Qe1 Nd6 31. Ra1 Qc6 32. Bg2 Nc4 33. Bc1 Nb6 34. Bd2 Qc7 35. Rb1 Bc4 36. Bf1 Qc6 37. Bxc4 Nxc4 (37... Qxc4 38. Be3 Na4 39. Ne2 $16) 38. Rb4 (38. Nf3 $17) 38... Nf8 (38... Ra8 $19 {White must now prevent ...Ra2.} 39. Nf3 Ra2) 39. h4 $2 (39. Be3 $17 {was worth a try.}) 39... Nd7 40. Be3 Qxe4 41. Rxb5 Nf6 42. Bd2 Qc6 43. Rb4 Ng4+ 44. Kh3 Qd7 (44... Qh1+ $142 45. Kxg4 f5+ (45... Nxd2 46. Qxd2 Qxg1 47. Qd7 $11) 46. Kxf5 Qd5 47. h5 Qd7+ (47... Nxd2 $2 48. Kg4 $19) 48. Ke4 Nxd2+ 49. Qxd2 Qxd2 50. f4 Qxc3 (50... Rxc3 {gets mated.} 51. Kxe5 Re3+ 52. Re4 Qc3+ 53. Ke6 Qc6+ 54. Kf5 Qd7+ 55. Ke5 Rd3 56. Rd4 Rxd4 57. f5 Qd6#) 51. Rb6 Qd4+ (51... Qxg3 52. Ne2 Rc4+ 53. Kd5 Qd3+ 54. Ke6 exf4 55. Rb8+ Kh7 56. Rb5 Rc6+ 57. Ke5 Qxb5+ 58. Kd4 Qxe2 59. Kd5 Qe6+ 60. Kd4 Rc7 61. Kd3 Qe3#) 52. Kf5 Qxb6 53. Nh3 Qe3 54. Ng5 exf4 (54... hxg5 55. h6 Rf8+ 56. Kg4 Qe2+ 57. Kxg5 gxh6+ 58. Kh4 Rf5 59. fxe5 Rh5#) 55. Ne6 fxg3 56. Nxg7 Rc5+ 57. Kg4 g2 (57... Kxg7 $2 58. Kh3 Qf3 59. Kh4 Rxh5#) (57... Rg5+ $2 58. Kh4 Qe4+ 59. Kh3 Qh1#) 58. Ne6 g1=Q+ 59. Kh4 Qgg3#) 45. Kg2 $19 Nxd2 (45... Qxd2 46. Qxd2 Nxd2 47. Rxg4 $19) 46. Rxg4 Qxg4 47. Qxd2 Qc4 48. Ne2 Qe4+ 49. f3 Qc4 50. Qe3 Qd5 51. Qe4 $2 (51. Kf2) 51... Qxe4 $19 52. fxe4 h5 53. Kf3 Kf8 54. Ke3 Ke7 55. Kd3 Rd8+ 56. Ke3 Rd1 57. Kf2 Rd3 0-1